 Dungeon Crawl Stone Soup version 0.32-a0-918-g0f22ef8d61 (webtiles) character file.

Game seed: 11363866868702116385

2 Ofeo the Shooter (level 1, 16/16 HPs)
             Began as a Coglin Hunter on Apr 11, 2024.
             Quit the game on level 1 of the Dungeon.
             The game lasted 00:00:05 (55 turns).

Ofeo the Shooter (Coglin Hunter)                      Turns: 55, Time: 00:00:05

Health: 16/16      AC:  3    Str: 11    XL:     1   Next: 30%
Magic:  1/1        EV: 11    Int:  8    God:
Gold:   0          SH:  0    Dex: 17    Spells: 0/0 levels left

rFire   . . .        a - +2 sling {Chakide}
rCold   . . .        d - +0 sling {Gabriela}
rNeg    . . .        c - +0 leather armour
rPois   .            (no helmet)
rElec   .            (no cloak)
rCorr   .            (no gloves)
SInv    .            (no boots)
Will    .....        (amulet unavailable)
Stlth   ++           (ring unavailable)
HPRegen 0.22/turn    (ring unavailable)
MPRegen 0.07/turn    (no gizmo)

%: no passive effects
@: revved
A: off-hand wielding, slow wielding, warmup strikes, no jewellery
a: Invent Gizmo


You were on level 1 of the Dungeon.
You visited 1 branch of the dungeon, and saw 1 of its levels.

Inventory:

Hand Weapons
 a - a +2 sling (weapon) {Chakide}
 d - a +0 sling (offhand) {Gabriela}
Armour
 c - a +0 leather armour (worn)
Scrolls
 b - a scroll of butterflies


   Skills:
 + Level 2.0 Fighting
 + Level 3.6 Ranged Weapons
 + Level 1.8 Dodging
 + Level 0.8 Stealth


You couldn't memorise any spells.
You didn't know any spells.
Your spell library was empty.

Dungeon Overview and Level Annotations

Branches:
Dungeon (1/15)

Altars:


Innate Abilities, Weirdness & Mutations

You can wield a second weapon in your off-hand.
It takes a long time for you to wield or remove held weapons.
Your first few attacks do less damage.
You cannot equip rings or amulets.


Message History

Welcome, Ofeo the Coglin Hunter.
It's a long way down to the Orb of Zot, but that shouldn't be any trouble.
Press ? for a list of commands and other information.
Found a staircase leading out of the dungeon.
You open the door.
There is an open door here.
You open the door.
There is an open door here.
You open the door.
There is an open door here.
You open the door.
There is an open door here.
A kobold comes into view. It is wielding a +0 club.
The kobold shouts!
A kobold is nearby!
You shoot a sling bullet. The sling bullet hits the kobold.
The kobold is severely wounded.
You shoot a sling bullet.
The sling bullet barely misses the kobold.
A hobgoblin comes into view.
There are monsters nearby!
You shoot a sling bullet.
The sling bullet barely misses the kobold.
The sling bullet barely misses the hobgoblin.
You shoot a sling bullet.
The sling bullet barely misses the kobold.
The sling bullet closely misses the hobgoblin.
You shoot a sling bullet. The sling bullet hits the kobold.
You kill the kobold!
You shoot a sling bullet. The sling bullet hits the hobgoblin.
The hobgoblin is moderately wounded.
You shoot a sling bullet. The sling bullet hits the hobgoblin!
You kill the hobgoblin!
You shoot a sling bullet.
Are you sure you want to abandon this character and quit the game? (Confirm with "yes".)

#..## ###'###
#...#
####.########
#............
#.###.....##
#...#.....#
#.........#
##.###@...#
#.# #....#
#.# #....#
#.. ..?..#
### )....#
......#
.##...# ..
.#..


There were no monsters in sight!

Vanquished Creatures
  A hobgoblin (D:1)
  A kobold (D:1)
2 creatures vanquished.

Notes
Turn   | Place    | Note
-------+----------+-------------------------------------------
     0 | D:1      | Ofeo the Coglin Hunter began the quest for the Orb.
     0 | D:1      | Reached XP level 1. HP: 16/16 MP: 1/1
    55 | D:1      | Quit the game

Illustrated notes

Levels and vault maps discovered:
D:1:      erik_arrival_triangle_small, layout_basic

Action                     || total
---------------------------++-------
   Fire: Sling             ||     8

Table legend: (Time is in decaauts)
 A = Elapsed time spent in this place.
 B = Non-inter-level travel time spent in this place.
 C = Inter-level travel time spent in this place.
 D = Time resting spent in this place.
 E = Time spent auto-exploring this place.
 F = Levels seen in this place.
 G = Mean time per level.
                   A        B        C        D        E       F      G
               +--------+--------+--------+--------+--------+-----+--------+
         Total |     55 |     55 |      0 |      0 |     50 |   1 |   55.0 |
       Dungeon |     55 |     55 |      0 |      0 |     50 |   1 |   55.0 |
               +--------+--------+--------+--------+--------+-----+--------+

Top non-repeatable levels by time:
     D:1: 55 daAuts
